 Dungeon Crawl Stone Soup version 0.19.0-19-g8c6edcc (webtiles) character file.

942 abstractHop the Skirmisher (level 8, -9/83 HPs)
             Began as an Ogre Berserker on Nov 15, 2016.
             Was a Priest of Trog.
             Mangled by an ogre
             ... wielding a +0 giant club
              (17 damage)
             ... on level 5 of the Dungeon.
             The game lasted 00:10:51 (4287 turns).

abstractHop the Skirmisher (Ogre Berserker)         Turns: 4287, Time: 00:10:52

Health: -9/83      AC:  7    Str: 25    XL:     8   Next: 12%
Magic:  8/8        EV:  9    Int:  6    God:    Trog [***...]
Gold:   252        SH:  8    Dex:  9    Spells: 0 memorised, 7 levels left

rFire  . . .     SeeInvis .     g - +2 rapier (speed)
rCold  . . .     Gourm    .     e - +0 robe
rNeg   . . .     Faith    .     f - +0 shield {AC+3}
rPois  +         Spirit   .     z - +1 hat
rElec  .         Reflect  .     (no cloak)
rCorr  +         Harm     .     (gloves unavailable)
MR     ++...                    (boots unavailable)
Stlth  +.........               (no amulet)
                                s - ring of resist corrosion
                                x - ring of poison resistance

@: lethally poisoned (-9 -> -9), regenerating
A: unfitting armour, tough skin 1
a: Berserk, Trog's Hand, Burn Spellbooks, Renounce Religion


You were on level 5 of the Dungeon.
You worshipped Trog.
Trog was most pleased with you.
You were very hungry.

You visited 1 branch of the dungeon, and saw 5 of its levels.

You collected 252 gold pieces.

Inventory:

Hand Weapons
 a - a +0 mace
 g - a +2 rapier of speed (weapon)
 G - a +0 quarterstaff of speed
Armour
 e - a +0 robe (worn)
 f - a +0 shield of protection (worn)
 z - a +1 hat (worn)
Jewellery
 b - a +2 ring of intelligence
 l - an uncursed ring of teleportation
 s - a ring of resist corrosion (right hand)
 x - a ring of poison resistance (left hand)
 D - a +5 ring of dexterity {unknown}
Wands
 y - a wand of digging (3/24)
 B - a wand of confusion (18/48)
 H - a wand of acid (6/15)
Scrolls
 d - 2 scrolls of immolation
 j - 2 scrolls of fear
 k - a scroll of enchant armour {unknown}
 m - 3 scrolls of remove curse
 p - 2 scrolls of random uselessness {unknown}
 r - 5 scrolls of identify {unknown}
 v - 3 scrolls of amnesia {unknown}
 E - 2 scrolls of teleportation {unknown}
Potions
 h - 2 potions of heal wounds {unknown}
 n - a potion of flight {unknown}
 o - a potion of invisibility {unknown}
 q - 2 potions of curing {unknown}
 u - 2 potions of degeneration {unknown}
 w - 2 potions of brilliance {unknown}
 C - 2 potions of mutation {unknown}
 F - a potion of magic {unknown}
Comestibles
 c - 5 bread rations
 i - 4 slices of pizza
 t - 3 fruits


   Skills:
 + Level 6.2 Fighting
 * Level 4.1 Short Blades
 - Level 5.2 Maces & Flails
 + Level 4.2 Dodging
 + Level 1.0 Stealth
 + Level 2.1 Shields
 + Level 0.1 Evocations


You had 7 spell levels left.
You didn't know any spells.

Dungeon Overview and Level Annotations

Branches:
Dungeon (5/15)             Temple (0/1) D:4

Altars:
The Shining One


Innate Abilities, Weirdness & Mutations

You are too large for most types of armour.
You have tough skin. (AC +1)


Message History

Found 10 gold pieces.
An ogre is nearby!
You feel sick.
You see here a water moccasin corpse.
You feel sick.
An ogre is nearby!
You feel sick.
An ogre is nearby!
Your skin crawls.
You feel resistant to hostile enchantments.
You feel somewhat more hungry.
You feel sick.
You are too injured to fight recklessly!
You puncture the ogre!
The ogre is heavily wounded.
The ogre hits you with a giant club!
* * * LOW HITPOINT WARNING * * *
You puncture the ogre!
The ogre is almost dead.
You feel sick. The ogre hits you with a giant club!
You die...

#.....#......#
#.....#...[..# .
#....##......#
..##....##......# ..
........##.....## ...
$.......##.....###...
........†.#.#.........
..##....#.O_.(........
#....###@#.........
.......##.......#....
........##.....#######
.........#<.....#
..##.....#......# ##
#.....#...<..#
#....†## #######


You could see an ogre.

Vanquished Creatures
  Menkaure (D:5)
  A water moccasin (D:5)
  A phantom (D:5)
  An ogre (D:4)
  A scorpion (D:5)
  2 howler monkeys
  A hound (D:4)
  An orc priest (D:3)
  A bullfrog skeleton (D:4)
  A centaur skeleton (D:5)
  Terence (D:3)
  An orc wizard (D:4)
  An iguana (D:4)
  A worker ant (D:5)
  Natasha (twice) (D:3)
  Robin (D:3)
  4 adders
  A worm (D:2)
  A dart slug (D:3)
  5 leopard geckos
  8 orcs
  4 giant cockroaches
  12 hobgoblins
  11 jackals
  5 quokkas
  4 ball pythons (D:3)
  6 bats
  A frilled lizard (D:2)
  6 goblins
  3 kobolds
  7 rats
96 creatures vanquished.

Notes
Turn   | Place    | Note
-------+----------+-------------------------------------------
     0 | D:1      | abstractHop the Ogre Berserker began the quest for the Orb.
     0 | D:1      | Reached XP level 1. HP: 24/24 MP: 1/1
   528 | D:1      | Reached XP level 2. HP: 27/32 MP: 2/2
   957 | D:2      | Reached XP level 3. HP: 26/40 MP: 3/3
  1389 | D:2      | Reached ** piety under Trog
  1576 | D:3      | Noticed Natasha
  1818 | D:3      | Reached XP level 4. HP: 49/49 MP: 4/4
  1909 | D:3      | Reached skill level 5 in Fighting
  1909 | D:3      | Reached skill level 5 in Maces & Flails
  2169 | D:3      | Noticed Robin
  2184 | D:3      | Killed Robin
  2582 | D:3      | Noticed Terence
  2589 | D:3      | Reached XP level 5. HP: 57/57 MP: 5/5
  2601 | D:3      | Killed Terence
  2601 | D:3      | Reached skill level 1 in Shields
  2923 | D:3      | Killed Natasha
  2923 | D:3      | Reached *** piety under Trog
  2923 | D:3      | Reached skill level 1 in Short Blades
  2951 | D:3      | Noticed Natasha
  2959 | D:3      | Killed Natasha
  3036 | D:3      | Reached XP level 6. HP: 66/66 MP: 6/6
  3511 | D:4      | Found a staircase to the Ecumenical Temple.
  4015 | D:4      | Reached XP level 7. HP: 67/72 MP: 7/7
  4095 | D:5      | Entered Level 5 of the Dungeon
  4095 | D:5      | Found a glowing golden altar of the Shining One.
  4128 | D:5      | Noticed Menkaure
  4137 | D:5      | Killed Menkaure
  4156 | D:5      | Reached skill level 6 in Fighting
  4274 | D:5      | Reached skill level 1 in Stealth
  4274 | D:5      | Reached XP level 8. HP: 27/83 MP: 8/8
  4287 | D:5      | Mangled by an ogre

Skill      XL: |  1  2  3  4  5  6  7 |
---------------+----------------------+-----
Dodging        | 3 4 |  4.2
Fighting       | 5 6 |  6.2
Maces & Flails | 5 |  5.2
Shields        | 1 2 |  2.1
Short Blades   | 1 2 4 |  4.1
Stealth        | 1 |  1.0
Evocations     | |  0.1

Action                   |  1- 3 |  4- 6 |  7- 9 || total
-------------------------+-------+-------+-------++-------
Melee: Mace              |   112 |    65 |       ||   177
       Rapier            |       |   155 |    72 ||   227
Invok: Berserk           |     1 |     2 |       ||     3
       Trog's Hand       |       |       |     1 ||     1
Evoke: Wand              |       |     1 |       ||     1
  Use: Scroll            |       |     3 |       ||     3
  Eat: Chunk             |     4 |     9 |       ||    13
Armor: Robe              |    66 |    77 |     8 ||   151
       Animal skin       |     2 |       |       ||     2
Dodge: Dodged            |    43 |    69 |    16 ||   128
Block: Shield            |    54 |    77 |    18 ||   149
